[Event "ChessKid Cup Div-III 2023"]
[Site "Online"]
[Date "2023.05.22"]
[Round "1.1"]
[White "Yu, Yangyi"]
[Black "Donchenko, Alexander"]
[Result "1-0"]
[ECO "B91"]
[WhiteElo "2729"]
[BlackElo "2669"]
[Annotator "TA"]
[PlyCount "61"]
[EventDate "2023.05.21"]
[EventType "k.o."]
[EventCountry "NET"]
[SourceTitle "playchess.com"]
[Source "ChessBase"]
[SourceQuality "1"]
[TimeControl "900+3"]

1. e4 c5 2. Nf3 d6 3. d4 cxd4 4. Nxd4 Nf6 5. Nc3 a6 6. g3 e5 7. Nb3 Be7 8. Bg2 O-O 9. O-O Be6 10. a4 Nbd7 11. Re1 {[%emt 0:00:03] B91: Sicilian Najdorf: 6 g3.} Rc8 {[%emt 0:00:15] 11...Qc7 gains popularity.} 12. Nd2 Nb6 13. Nf1 {[%emt 0:00:41] White has an edge.} Nc4 (13... Rc5 $11) 14. b3 $14 Nb6 15. Bb2 {[%emt 0:00:06] [#]} d5 $146 ({Predecessor:} 15... Rc7 16. Ne3 Qc8 17. Qd2 Rd8 18. a5 Na8 19. f4 Bf8 20. f5 Bd7 21. g4 Bc6 {1-0 Istratescu,A (2573)-Aaryan,V (2261) Abu Dhabi op 25th 2018 (1)}) 16. Nxd5 Nbxd5 17. exd5 Bxd5 (17... Nxd5 $14 18. c4 (18. Bxe5 Nb4 $14) 18... Nb4) 18. Bxd5 $16 ({Resist} 18. Rxe5 Bxg2 19. Kxg2 Qxd1 20. Rxd1 Rxc2 $14) 18... Qxd5 19. c4 ({But not} 19. Bxe5 Qxd1 20. Raxd1 Rxc2 $14) 19... Qxd1 20. Raxd1 Rfe8 21. Rxe5 ({Worse is} 21. Bxe5 Bb4 22. Re3 Ng4 $15) 21... Ng4 22. Red5 g6 23. Kg2 h5 24. h3 Nf6 25. Re5 {[%emt 0:00:03][%cal Oe5e7] Hoping for Rxe7!} Bc5 {[%emt 0:00:43][%mdl 8192] [#] This costs Black the game.} (25... Kf8 $16 26. Bd4 Rc6) 26. Rxc5 $1 $18 {[%emt 0:00:20][%mdl 576] Discovered Attack} Rxc5 27. Bxf6 b5 $2 (27... Rc6 28. Bd4 f6) 28. Bd4 {[%emt 0:00:39] White is clearly winning.} Rc6 29. axb5 axb5 30. cxb5 Rd6 31. Rd2 {[%emt 0:00:03] Weighted Error Value: White=0.04 (flawless) /Black=0.39} 1-0

[Event "ChessKid Cup Div-III 2023"]
[Site "Online"]
[Date "2023.05.22"]
[Round "1.1"]
[White "Vallejo Pons, Francisco"]
[Black "Raja Harshit"]
[Result "1-0"]
[ECO "A11"]
[WhiteElo "2712"]
[BlackElo "2515"]
[Annotator "TA"]
[PlyCount "57"]
[EventDate "2023.05.21"]
[EventType "k.o."]
[EventCountry "NET"]
[SourceTitle "playchess.com"]
[Source "ChessBase"]
[SourceQuality "1"]
[TimeControl "900+3"]

1. Nf3 Nf6 2. g3 d5 3. Bg2 g6 4. c4 c6 5. b3 Bg7 6. Bb2 O-O 7. O-O Bg4 8. d3 Nbd7 9. Nbd2 Re8 10. h3 Bxf3 11. Bxf3 e6 12. Bg2 {[%emt 0:00:16] [#] A11: English Opening: 1...c6.} a5 $146 ({Predecessor:} 12... h5 13. h4 Ng4 14. Bxg7 Kxg7 15. e3 Qf6 16. d4 Rad8 17. Rc1 Qe7 18. Qc2 Ndf6 19. Qc3 e5 20. dxe5 Qxe5 21. Qxe5 Nxe5 22. cxd5 Nxd5 {½-½ Karlsson,L (2480)-Wessman,R (2445) SWE-ch Borlange 1992 (2)}) 13. a3 Qb6 14. e3 {[%emt 0:00:48] White has an edge.} Nh5 15. d4 Rad8 16. Qc2 c5 17. cxd5 (17. dxc5 $16 Qxc5 18. Rac1) 17... exd5 $14 18. Bxd5 {[%emt 0:01:37] Threatening Rfe1.} (18. dxc5 {simplifies} Qxc5 19. Rfc1 Qxc2 20. Rxc2 Bxb2 21. Rxb2 Nhf6 22. b4) 18... cxd4 19. exd4 {[%emt 0:00:23] White wants to play Qc4.} Bxd4 $2 (19... Nf8 $1 $11 20. Nc4 Qc7) 20. Nc4 (20. Bxf7+ $1 $18 {has better winning chances.} Kxf7 21. Qc4+ Qe6 22. Bxd4) 20... Qc5 $16 {[%emt 0:00:18] White must now prevent ...Bxb2.} 21. Bxd4 Qxd4 (21... Qxd5 $16 {keeps fighting.} 22. Rad1 Qe6) 22. Rad1 $18 (22. Bxb7 Nxg3 23. Rad1 Qc5 $11) 22... Qc5 {[%emt 0:00:54] [#]} 23. b4 $1 (23. Bxb7 Nxg3 24. b4 axb4 25. axb4 Qa7 $11) 23... axb4 24. axb4 Qxb4 {[%emt 0:00:01] [#]} (24... Qf8 25. Nd6 (25. Bxb7 Qxb4 26. Bc6 Nhf6 $11) 25... Re7 26. Nxb7 (26. Bxb7 Ndf6 $16) 26... Rc8) 25. Bxf7+ $1 {[%emt 0:00:54][%mdl 576] Decoy. White is clearly winning.} Kxf7 26. Nd6+ Kf8 {[%emt 0:00:59] Strongly threatening ...Re6.} 27. Nxe8 Kxe8 28. Rfe1+ Kf7 29. Qc7 $1 {[%emt 0:00:13][%csl LRd7,LRd8][%mdl 64] Deflection, Double Attack.   Weighted Error Value: White=0.12 (very precise) /Black=0.71} ({Inferior is} 29. Qe2 Nhf6 $11) 1-0

[Event "ChessKid Cup Div-III 2023"]
[Site "Online"]
[Date "2023.05.22"]
[Round "1.1"]
[White "Keymer, Vincent"]
[Black "Tang, Andrew"]
[Result "1/2-1/2"]
[ECO "D31"]
[WhiteElo "2700"]
[BlackElo "2523"]
[Annotator "TA"]
[PlyCount "142"]
[EventDate "2023.05.21"]
[EventType "k.o."]
[EventCountry "NET"]
[SourceTitle "playchess.com"]
[Source "ChessBase"]
[SourceQuality "1"]
[TimeControl "900+3"]

1. d4 d5 2. c4 e6 3. Nc3 Be7 4. cxd5 exd5 5. Bf4 c6 6. e3 Bf5 7. Nge2 Nd7 8. h4 {[%emt 0:00:01] [#] D31: Queen's Gambit Declined: Semi-Slav without ...Nf6 (+ Marshall Gambit and Noteboom) and Exchange Variation lines without ...Nf6.} Nb6 $146 ({Predecessor:} 8... Bxh4 9. Qb3 b6 10. Nxd5 cxd5 11. Rxh4 Qxh4 12. Qxd5 Rc8 13. Qxf5 Ngf6 14. Nc3 O-O 15. Bg3 Qh1 {1-0 Xu,Y (2558)-Rustemov,A (2525) Chessable Masters Play In rapid 2023 (4)}) 9. Ng3 Be6 10. Nh5 {[%emt 0:00:51] White is slightly better.} Kf8 11. Bd3 (11. Bg3 $14) 11... g6 $1 $15 12. Ng3 Bxh4 13. Qf3 (13. Qc2 $15) 13... Bf6 (13... Kg7 {is more complex.} 14. e4 h5 15. e5 Nc4) 14. O-O-O h5 $36 {[%emt 0:01:18][%mdl 2048] Black has the initiative.} 15. Nge2 g5 (15... Bg4 $6 16. Qg3 $11) 16. Be5 Nd7 (16... h4 $17 17. Bf5 Qd7 18. Bxe6 Qxe6) 17. Bd6+ $11 (17. Rxh5 $2 {loses.} g4 $19) 17... Be7 18. Qg3 (18. Rxh5 $2 {is the wrong capture.} g4 19. Bxe7+ (19. Rxh8 $2 {too greedy.} gxf3 20. Bxe7+ Qxe7 $19) 19... Qxe7 20. Rxh8 gxf3 $19) (18. Bxe7+ $11 Qxe7 19. Rde1 (19. Rxh5 $2 g4 $19)) 18... h4 $17 19. Bxe7+ Qxe7 20. Qc7 Ndf6 21. Qe5 Rh5 22. f3 {[%emt 0:00:31] Inhibits Ng4.} Re8 23. g4 {[%emt 0:00:57] [#]} Bxg4 24. Qxe7+ Rxe7 25. fxg4 Nxg4 {[%emt 0:00:00] Strongly threatening ...Nf2.} 26. Ng3 Rh8 27. Nf5 {[%emt 0:00:03] Prevents N8h6} Nxe3 28. Nxe7 {[%emt 0:00:28] Rde1 would be deadly.} Nxd1 29. Ng6+ fxg6 30. Nxd1 Kg7 {[%emt 0:00:02] White must now prevent ...g4.} 31. Nf2 Nf6 32. Rg1 h3 (32... Rh5 $15 33. Be2 g4 34. Bxg4 Nxg4 35. Rxg4 h3) 33. Rxg5 $11 h2 34. Rxg6+ Kf7 35. Nh1 $1 Rh3 36. Rg3 Rxg3 37. Nxg3 Nh5 {[%emt 0:00:10][%mdl 64] [#] Decoy, Promotion} 38. Nh1 Kf6 {[%emt 0:00:03] Threatens to win with ...Kg5.} 39. Kd2 Kg5 40. Ke3 Ng7 41. Kf3 Ne6 (41... a5 {feels hotter.} 42. Nf2 Ne6 43. Kg3 Nxd4 44. Nh3+ Kf6) 42. Kg3 (42. Nf2 {keeps more tension.} Nxd4+ 43. Kg3 c5 44. Nh3+) 42... Nxd4 (42... Nf4 {looks sharper.} 43. Bf1 Ne6 44. Nf2 Nxd4 45. Bd3 c5) 43. Kxh2 Kf4 44. Kg2 Ke3 45. Bg6 Kd2 46. Nf2 Ne2 {[%emt 0:00:07] Hoping for ...Nf4+.} 47. Bf5 b6 48. Bc8 c5 49. Kf3 Nc1 50. Be6 d4 51. a3 Kc2 52. b4 d3 53. bxc5 bxc5 54. Ke3 d2 55. Bf5+ Kc3 56. Ne4+ Kb3 57. Kxd2 Na2 58. Nxc5+ Kxa3 59. Kd3 Kb4 {[%emt 0:00:03] The position is equal.} 60. Ne4 Nc1+ 61. Kc2 Nb3 62. Kb2 a5 63. Nc3 {[%emt 0:00:04] Na2+ is the strong threat.} a4 64. Nd5+ Kc5 65. Ne3 Nd4 66. Be4 Kb4 67. Nd5+ Kc5 68. Ka3 Nb5+ 69. Kxa4 Kd4 70. Bh1 Nc3+ 71. Nxc3 Kxc3 {[%emt 0:00:00] Weighted Error Value: White=0.09 (flawless) /Black=0.06 (flawless)} 1/2-1/2

[Event "ChessKid Cup Div-III 2023"]
[Site "Online"]
[Date "2023.05.22"]
[Round "1.1"]
[White "Navara, David"]
[Black "Bok, Benjamin"]
[Result "0-1"]
[ECO "D02"]
[WhiteElo "2678"]
[BlackElo "2607"]
[Annotator "TA"]
[PlyCount "90"]
[EventDate "2023.05.21"]
[EventType "k.o."]
[EventCountry "NET"]
[SourceTitle "playchess.com"]
[Source "ChessBase"]
[SourceQuality "1"]
[TimeControl "900+3"]

1. d4 Nf6 2. Nf3 e6 3. Bf4 c5 4. e3 d5 5. c3 Bd6 6. Bg3 O-O 7. Nbd2 Qc7 8. Bd3 Nbd7 9. O-O {[%emt 0:00:46] D02: 1 d4 d5 2 Nf3 sidelines, including 2...Nf6 3 g3 and 2...Nf6 3 Bf4.} Bxg3 10. hxg3 b6 11. e4 {[%emt 0:00:25] The position is equal.} dxe4 12. Nxe4 Bb7 13. Qe2 cxd4 14. Nxd4 Nxe4 15. Bxe4 Bxe4 16. Qxe4 {[%emt 0:00:01] [#]} Nc5 $146 ({Predecessor:} 16... Nf6 17. Qe2 Rfd8 18. Rad1 a5 19. Rd2 b5 20. Rfd1 h6 21. Nc2 Rxd2 22. Qxd2 Nd5 {½-½ Vijayalakshmi,S (2331)-Nandhidhaa,P (2339) IND-chT (Women) 2020 (6.2)}) 17. Qc6 Rac8 18. Qxc7 Rxc7 19. Rad1 Na4 20. Rd2 Rd8 {[%emt 0:00:16] Threatens to win with ...e5.} 21. f4 g6 22. g4 b5 23. Rff2 b4 24. Nb5 Rxd2 25. Rxd2 bxc3 $11 {[%emt 0:01:21][%mdl 4096] Endgame KRN-KRN} 26. Rd8+ Kg7 27. Nxc7 $2 {[%emt 0:00:00] Loses the game.} (27. bxc3 $1 $11 {and White stays safe.} Rc6 28. Rd7) 27... cxb2 $19 28. Rd1 (28. Ne8+ Kf8 29. Nc7+ Ke7 30. Rd1) 28... Nc3 $1 29. Re1 {[%emt 0:00:00] [#]} Ne2+ $1 {[%emt 0:00:13][%mdl 576] Deflection, Promotion} 30. Rxe2 b1=Q+ (30... b1=R+ $2 31. Kf2 $18) 31. Kh2 Qc1 32. Nxe6+ fxe6 {[%emt 0:00:02] KQ-KR} 33. g3 h6 {[%emt 0:00:21][%cal Bh7h6,Bh6g5][%mdl 32] And now ...Kf6 would win.} 34. Kg2 Kf6 35. Kf2 a5 36. Kg2 a4 37. Kf2 g5 38. fxg5+ hxg5 {[%emt 0:00:09] Black mates.} 39. Kg2 e5 40. Rf2+ Ke6 41. Rf1 Qc4 42. Rf3 Qxa2+ 43. Kh3 Qb1 44. Kh2 {[%emt 0:00:13] [#]} a3 $1 45. Rf1 (45. Rf5 a2) 45... a2 {[%emt 0:00:12] Weighted Error Value: White=1.13/Black=0.02 (flawless)} 0-1

[Event "ChessKid Cup Div-III 2023"]
[Site "Online"]
[Date "2023.05.22"]
[Round "1.1"]
[White "Bluebaum, Matthias"]
[Black "Antipov, Mikhail Al."]
[Result "0-1"]
[ECO "D85"]
[WhiteElo "2669"]
[BlackElo "2588"]
[Annotator "TA"]
[PlyCount "98"]
[EventDate "2023.05.21"]
[EventType "k.o."]
[EventCountry "NET"]
[SourceTitle "playchess.com"]
[Source "ChessBase"]
[SourceQuality "1"]
[TimeControl "900+3"]

1. d4 Nf6 2. c4 g6 3. Nc3 d5 4. cxd5 Nxd5 5. e4 Nxc3 6. bxc3 Bg7 7. Nf3 c5 8. Bb5+ {[%emt 0:00:00] 8.h3 is a critical line.} Nc6 9. d5 {[%emt 0:00:00][%mdl 64] Pin. D85: Exchange Grünfeld: Unusual White 7th moves and lines with 7 Nf3.} (9. dxc5 Bxc3+ 10. Bd2 Bxa1 11. Qxa1 f6 $17) 9... Qa5 10. Rb1 a6 11. Ba4 (11. Bxc6+ $11 bxc6 12. O-O (12. dxc6 Qxc3+ 13. Qd2 Qc4 $15)) 11... b5 ({Black should try} 11... Bxc3+ $15 12. Kf1 b5 13. dxc6 bxa4) 12. dxc6 $11 Bxc3+ 13. Bd2 Be6 (13... Bxd2+ $11 14. Qxd2 (14. Nxd2 bxa4 15. O-O Be6 $11) 14... Qxa4) 14. Bxc3 $1 $14 Qxc3+ 15. Qd2 Qxd2+ 16. Kxd2 bxa4 17. Rhc1 O-O-O+ 18. Ke3 {[%emt 0:00:06] [#]} Kc7 $146 ({Predecessor:} 18... Bxa2 19. Rb7 c4 20. Ne5 Rd6 21. Rxe7 Re6 22. Ra7 Rxe5 23. Ra8+ Kc7 24. Rxh8 Kxc6 25. Rxh7 {1-0 Sarana,A (2649)-Ivic,V (2581) Titled Tuesday intern op 23rd Feb blitz 2021 (5)}) 19. Rb7+ Kxc6 20. Rcb1 Bb3 (20... Bxa2 $2 21. R1b6#) 21. Rxe7 ({White should play} 21. Ra7 $1 $14 Rhe8 22. Rxa6+ (22. axb3 Kb6 $17) 22... Kb5 23. Ra7) 21... Bxa2 $11 22. Ne5+ (22. Rbb7 $1 $11) 22... Kd6 $17 23. Rbb7 Rhe8 (23... f5 $17 {And now ...fxe4 would win.} 24. f4 fxe4) 24. Nxf7+ $11 Bxf7 25. Rxf7 {[%emt 0:00:00][%mdl 4096] Endgame Threatening mate with Rb6+. KRR-KRR} c4 26. f3 a3 27. Rb1 $2 {[%emt 0:03:41][%mdl 8192] [#] White is now going downhill.} (27. Rxh7 $11 {and White has nothing to worry.} Rc8 28. Ra7) 27... Rb8 $1 $19 28. Ra1 Rb3+ 29. Kd4 {[%emt 0:01:22] [#]} (29. Kf4 $142 c3 30. Rd1+ Kc6 31. Rf6+ Kc7 32. Rc1) 29... Rc8 $1 ({Not} 29... c3 30. Rf6+ Ke7 31. Rc6 $17) 30. e5+ Ke6 31. Rf6+ Ke7 32. Ra2 c3 {[%emt 0:00:49] White must now prevent ...Rb2.} 33. Rc2 Rb4+ 34. Kd3 Ra4 35. Rb6 a2 36. Rb7+ Kf8 37. Rxa2 Rxa2 38. Rb1 Rd2+ 39. Ke3 c2 40. Rc1 Rd1 41. Rxc2 Rxc2 42. h4 Rxg2 43. h5 gxh5 44. Kf4 h4 45. Kf5 h3 46. f4 h2 47. Ke6 h1=Q 48. f5 Rf2 49. f6 Qh3# {[%emt 0:00:00] Weighted Error Value: White=0.72/Black=0.06 (flawless)} 0-1

[Event "ChessKid Cup Div-III 2023"]
[Site "Online"]
[Date "2023.05.22"]
[Round "1.1"]
[White "Gledura, Benjamin"]
[Black "Paravyan, David"]
[Result "1-0"]
[ECO "C42"]
[WhiteElo "2644"]
[BlackElo "2601"]
[Annotator "TA"]
[PlyCount "113"]
[EventDate "2023.05.21"]
[EventType "k.o."]
[EventCountry "NET"]
[SourceTitle "playchess.com"]
[Source "ChessBase"]
[SourceQuality "1"]
[TimeControl "900+3"]

1. e4 e5 2. Nf3 Nf6 3. Nxe5 d6 4. Nd3 Nxe4 5. Qe2 Qe7 6. Nf4 {[%emt 0:00:04] C42: Petroff Defence: 3 Nxe5 and unusual White 3rd moves.} Nf6 {[%emt 0:00:05] Inhibits Nd5. 6...Nc6 is more advanced technology.} 7. d4 Qxe2+ 8. Bxe2 {[%emt 0:00:02] The position is equal.} Nc6 9. c3 Bf5 {[%emt 0:00:25] [#]} 10. Nd2 $146 ({Predecessor:} 10. Be3 O-O-O 11. h3 g5 12. Bd3 Ne7 13. Bxf5+ Nxf5 14. Nd3 Re8 15. Kd2 Ne4+ 16. Kc2 {0-1 Harshad,S (2218)-Paravyan,D (2592) Titled Tuesday intern op 30th Aug Late blitz 2022 (2)}) 10... g5 11. Nh5 Nxh5 12. Bxh5 Bg6 13. Bxg6 fxg6 14. Ne4 h6 15. Ke2 Kf7 16. Kd3 d5 17. Ng3 Bd6 18. Nf1 Ne7 19. Ne3 c6 20. Bd2 Nf5 21. Rae1 Rae8 22. b3 b5 23. g3 (23. Nxf5 {simplifies} gxf5 24. Ra1 a6 25. a4) 23... a6 24. c4 dxc4+ 25. bxc4 Ba3 (25... Rd8 $11) 26. h4 ({White should try} 26. Bc3 $16) 26... Nxe3 27. fxe3 Bd6 28. cxb5 (28. hxg5 {with more complications.} hxg5 29. Ref1+ Ke6 30. e4) 28... axb5 29. Rc1 Bxg3 (29... c5 $14) 30. hxg5 $16 (30. Rxc6 gxh4 31. Rf1+ Kg8) 30... hxg5 31. Rhf1+ Kg7 32. Rxc6 Rhf8 33. Rg1 Rf3 34. d5 $1 Bf4 35. Re6 Rxe6 36. dxe6 $18 {[%emt 0:00:01][%mdl 4096] Endgame Ke4 would be deadly. KRB-KRB} Kf6 37. Ke4 Rf2 38. Bc3+ (38. exf4 Rxd2 39. Rxg5 (39. fxg5+ Kxe6 40. Rb1 Re2+ 41. Kf4 Rf2+ 42. Kg4 Rg2+ 43. Kf4 Rf2+ 44. Kg4 Rg2+ 45. Kf4 Rf2+ $11) 39... Re2+ 40. Kf3 Rxa2 $11) 38... Kxe6 39. exf4 Rxf4+ {[%emt 0:00:04] [#] KRB-KR} 40. Ke3 ({White should play} 40. Kd3 $1 $16) 40... Ra4 $1 $14 {[%emt 0:00:05] Prevents a3.} 41. Rg2 {[%emt 0:00:04] aiming for Rb2.} Kf5 $2 {[%emt 0:00:01] A mistake that costs the game.} (41... Ra3 $14) 42. Rb2 $18 Kg4 43. Bb4 ({Not} 43. Rxb5 Rxa2 44. Be5 Kh3 $14) 43... Kh3 44. a3 g4 45. Kf4 g3 {[%emt 0:00:06] [#]} (45... Ra7 $142 46. Rb3+ Kh4 47. Be1+ {[%mdl 64] Discovered Attack} g3 48. Bxg3+ (48. Rxg3 Rf7+ 49. Ke3 Re7+ 50. Kd2 Rxe1 $11) 48... Kh5) 46. Rb3 $1 g5+ 47. Kxg5 Ra7 48. Bd6 Rg7+ 49. Kf6 Rg4 50. Ke6 {[%emt 0:00:02][%cal Ob3g3] Rxg3+! would kill now.} Kh4 {[%emt 0:00:04] [#]} 51. Bxg3+ $1 Rxg3 (51... Kh5 52. Rxb5+) 52. Rxg3 {[%emt 0:00:00] White mates.} Kxg3 {[%emt 0:00:00] KP-KP} 53. Kd6 Kf4 54. Kc6 Ke5 55. Kxb5 Kd6 56. Kb6 Kd7 57. Kb7 {[%emt 0:00:01] Weighted Error Value: White=0.06 (flawless) /Black=0.35} 1-0

[Event "ChessKid Cup Div-III 2023"]
[Site "Online"]
[Date "2023.05.22"]
[Round "1.1"]
[White "Tari, Aryan"]
[Black "Terry, Renato"]
[Result "1-0"]
[ECO "B12"]
[WhiteElo "2642"]
[BlackElo "2520"]
[Annotator "TA"]
[PlyCount "97"]
[EventDate "2023.05.21"]
[EventType "k.o."]
[EventCountry "NET"]
[SourceTitle "playchess.com"]
[Source "ChessBase"]
[SourceQuality "1"]
[TimeControl "900+3"]

1. e4 c6 2. d4 d5 3. e5 c5 4. Nf3 cxd4 5. Nxd4 Nc6 6. Nxc6 {[%emt 0:00:02] B12: Caro-Kann: Advance Variation.} bxc6 {[%emt 0:00:01] Black is weak on the dark squares} 7. Bd3 e6 8. O-O {[%emt 0:00:02] The position is equal.} a5 9. Qe2 Ne7 10. Nd2 Qb6 11. Nf3 Ba6 12. Be3 Qb7 {[%emt 0:00:45] [#]} 13. Rfc1 $146 ({Predecessor:} 13. c4 Ng6 14. h4 Be7 15. h5 Nf8 16. h6 gxh6 17. Bxh6 Nd7 18. cxd5 cxd5 19. Rac1 {1-0 Esipenko,A (2675)-Naroditsky,D (2622) Titled Tuesday intern op 17th Jan Early blitz 2023 (9)}) 13... Nf5 14. c4 Nxe3 15. Qxe3 Be7 (15... Qxb2 $2 16. cxd5 Bxd3 17. Qxd3 $18) 16. cxd5 {[%emt 0:00:31][%mdl 64] Discovered Attack} cxd5 17. Bxa6 Rxa6 18. Rc2 O-O 19. Rac1 Bd8 {[%emt 0:00:01] Wards off Rc7} 20. Nd4 a4 21. Nc6 Bb6 22. Qa3 {[%emt 0:00:14] Strongly threatening Ne7+.} g6 (22... Raa8 $11) 23. h4 h5 24. Qf3 {[%emt 0:00:05] With the idea Qf6.} Qd7 (24... Kh7 $11 {might be stronger.}) 25. Qf6 (25. g4 $14) 25... Bd8 26. Qf4 {[%emt 0:00:02] Hoping for Nb8.} Ra8 {[%emt 0:00:30] Repels Nb8} 27. Nxd8 (27. g4 $14) 27... Raxd8 28. Rc7 Qb5 29. g4 Qe2 30. gxh5 (30. Qxa4 $2 d4 31. Qd1 d3 $17) 30... Qxh5 31. Qf6 Rb8 32. f3 {[%emt 0:00:16] Against Qg4+} Qh6 (32... Rxb2 $2 33. Rxf7 Qh6 34. Rxf8+ Qxf8 35. Qxg6+ Kh8 36. Qh5+ (36. Qxe6 Qg7+ 37. Qg4 Rxa2 $14) (36. Rc7 Qg8 $11) 36... Kg8 37. Rc7 $18) 33. f4 {[%emt 0:00:16] [#]} Qh5 ({Of course not} 33... Rxb2 $6 34. Rxf7 Rxf7 35. Rc8+ Rf8 36. Qxe6+ Kh7 37. Qe7+ Qg7 38. Qxf8 $11) (33... d4 $1 $17 {Threatens to win with ...d3.} 34. R7c2 d3) 34. R1c2 $11 Qf3 (34... a3 $5 35. b3 $8 Rb4 $15) 35. Rg2 {[%emt 0:00:08][%cal Og2g6] White threatens Rxg6+! and mate. Some like it hot} Qd1+ 36. Kh2 {[%emt 0:00:01][%cal Og2g6] White wants to mate with Rxg6+!} Qh5 {[%emt 0:00:00] Dodges Rxg6+} (36... Qb1 $2 37. Rcc2 Rb7 38. f5 $18) 37. Ra7 $40 {[%emt 0:00:14][%mdl 128] White has some attack.} Rb4 {[%emt 0:00:07] [#]} ({Black should try} 37... Ra8 $11 38. Rc7 Rac8) 38. Rxf7 $1 $14 {[%emt 0:00:06][%mdl 64] Remove Defender. White is much more active.} Rxf7 39. Rxg6+ (39. Qxe6 Kg7 40. Qg4 Qxg4 41. Rxg4 Rfxf4 $19) 39... Qxg6 40. Qxg6+ {[%emt 0:00:00][%mdl 4096] Endgame KQ-KRR} Kf8 41. Qh6+ Ke7 42. Kg3 {[%emt 0:00:05] And now h5 would win.} Rxb2 {[%emt 0:00:07] A mistake that costs the game.} (42... Kd7 $16) 43. Qg5+ $18 Kd7 $2 (43... Kf8 {keeps fighting.} 44. Qd8+ Kg7) 44. Qg8 (44. Qg6 $142 Rf8 45. Qg7+ Ke8 46. Qc7 Rg8+ 47. Kf3) 44... Re7 {[%emt 0:00:04] [#]} (44... Ke7) 45. f5 $1 {[%emt 0:00:04][%mdl 576] Deflection} exf5 46. Qxd5+ Ke8 47. Qc6+ Kf7 48. Qf6+ ({Less strong is} 48. Qxa4 Rxe5 49. Qd7+ Kg8 $16) 48... Ke8 49. e6 {[%emt 0:00:01] Weighted Error Value: White=0.16 (very precise) /Black=0.45} (49. Qh8+ $142 Kf7 50. e6+ {[%mdl 64] Discovered Attack} Rxe6 51. Qxb2) 1-0

[Event "ChessKid Cup Div-III 2023"]
[Site "Online"]
[Date "2023.05.22"]
[Round "1.1"]
[White "Iturrizaga Bonelli, Eduardo"]
[Black "Harikrishna, Pentala"]
[Result "0-1"]
[ECO "D47"]
[WhiteElo "2637"]
[BlackElo "2704"]
[Annotator "TA"]
[PlyCount "76"]
[EventDate "2023.05.21"]
[EventType "k.o."]
[EventCountry "NET"]
[SourceTitle "playchess.com"]
[Source "ChessBase"]
[SourceQuality "1"]
[TimeControl "900+3"]

1. Nf3 Nf6 2. c4 e6 3. Nc3 d5 4. e3 a6 5. d4 dxc4 6. Bxc4 b5 7. Be2 Bb7 8. O-O Nbd7 9. a4 b4 10. Nb1 c5 11. Nbd2 {[%emt 0:00:02] D47: Semi-Slav: Meran System.} Be7 12. b3 O-O 13. Bb2 {[%emt 0:00:01] The position is equal.} Rc8 14. Nc4 cxd4 15. Nxd4 Nc5 16. Rc1 Qc7 {[%emt 0:01:19] [#]} ({But not} 16... Qd5 17. Bf3 Qd8 18. Bxb7 Nxb7 19. Qf3 $14) 17. a5 $146 ({Predecessor:} 17. Bf3 Rfd8 18. Bxb7 Qxb7 19. Qe2 Nd5 20. Na5 Qb6 21. Nc4 Qb8 22. Na5 Qb6 23. Nc4 Qb8 24. Na5 Qb6 25. Nc4 {½-½ Bacrot,E (2613)-Serper,G (2574) Cap d'Agde KO rapid 2000 (1.6)}) 17... Nd5 (17... Rfd8 {is interesting.} 18. Nb6 Rb8 19. Qc2 Nfd7) 18. Bf3 Rfd8 19. Qe2 Qb8 20. Bxd5 Rxd5 (20... exd5 $2 21. Nf5 (21. Nb6 g6 $18) 21... dxc4 22. Nxe7+ Kf8 23. Nxc8 $18) 21. Nb6 $1 Rg5 $1 22. g3 {[%emt 0:02:01] Strongly threatening f4.} Re8 23. f4 (23. Rfd1 $15 {was preferrable.}) 23... Rg6 $17 24. Na4 Nxa4 25. bxa4 e5 26. Nf5 exf4 27. Rxf4 {[%emt 0:00:14] [#]} (27. Qc4 $17) 27... Bf8 $2 {[%emt 0:00:02] A strong pair of Bishops.} ({Better is} 27... Bg5 $1 $19 28. Rf2 (28. Rxb4 $2 {too greedy.} Bxe3+ 29. Nxe3 Rxg3+ {[%mdl 64] Demolition} 30. hxg3 Qxg3+ 31. Kf1 Rxe3 $19) 28... Ba8) 28. Qf2 (28. Qc4 $11 {and White has nothing to worry.} Ree6 29. Qc7 Qxc7 30. Rxc7) 28... Rc8 $19 29. Rf1 f6 $36 {[%emt 0:00:47][%cal Bf7f6,Bf6f5][%mdl 2080] Black is really pushing.} 30. h4 $2 (30. Qe2 $17) 30... b3 {[%emt 0:00:14] White must now prevent ...Rc2.} 31. Nd4 {[%emt 0:00:06] Inhibits Rc2.} Bd6 {[%emt 0:00:17] aiming for ...Be5.} 32. Kh2 Bxf4 33. exf4 {[%emt 0:00:00] [#]} f5 $1 34. Re1 (34. Qe3 Bd5) 34... Be4 35. Re2 Rd6 {[%emt 0:00:11] Black is clearly winning.} 36. g4 {[%emt 0:00:00] [#]} Rxd4 $1 37. Bxd4 {[%emt 0:00:03] White is weak on the light squares} Rc2 38. Kg3 {[%emt 0:00:06] [#]} b2 $1 {[%emt 0:00:08][%mdl 512] Weighted Error Value: White=0.82/Black=0.15 (very precise)} 0-1